 Dungeon Crawl Stone Soup version 0.28.0 (webtiles) character file.

Game seed: 8153356803477012883

375 HallandMoats the Skirmisher (level 6, 0/55 HPs)
             Began as a Ghoul Monk on Feb 6, 2022.
             Was a Believer of Okawaru.
             Slain by a hound (4 damage)
             ... on level 5 of the Dungeon.
             The game lasted 00:06:02 (3153 turns).

HallandMoats the Skirmisher (Ghoul Monk)            Turns: 3153, Time: 00:06:02

Health: 0/55       AC:  3    Str: 17    XL:     6   Next: 72%
Magic:  6/6        EV: 12    Int:  5    God:    Okawaru [**....]
Gold:   200        SH:  0    Dex: 11    Spells: 5/5 levels left

rFire   . . .      SeeInvis .     - Unarmed
rCold   + . .      Faith    .   (no shield)
rNeg    + + +      Spirit   .   n - +3 leather armour
rPois   ∞          Reflect  .   (no helmet)
rElec   .          Harm     .   e - +0 cloak
rCorr   .          Rampage  .   (no gloves)
Will    +....                   (no boots)
Stlth   ++........              (no amulet)
HPRegen 0.00/turn               a - ring of willpower
MPRegen 0.10/turn               (no ring)

@: corroded, inhibited regen
A: claws 1, cold resistance 1, negative energy resistance 3, inhibited
regeneration, torment resistance 2
a: Renounce Religion, Heroism


You were on level 5 of the Dungeon.
You worshipped Okawaru.
Okawaru was pleased with you.
You visited 1 branch of the dungeon, and saw 6 of its levels.

You collected 200 gold pieces.

Inventory:

Armour
 e - a +0 cloak (worn)
 n - a +3 leather armour (worn)
Jewellery
 a - a ring of willpower (left claw)
Wands
 h - a wand of mindburst (21)
Scrolls
 d - a scroll of blinking
 f - 4 scrolls of identify
 i - 2 scrolls of immolation {unknown}
 j - a scroll of magic mapping {unknown}
 k - a scroll of fog {unknown}
 l - a scroll of brand weapon {unknown}
 m - a scroll of torment {unknown}
Potions
 c - a potion of attraction {unknown}
 g - a potion of magic


   Skills:
 + Level 4.8 Fighting
 + Level 2.6 Armour
 + Level 3.9 Dodging
 - Level 2.1 Stealth
 + Level 4.7 Unarmed Combat
 + Level 1.9 Invocations


You had 5 spell levels left.
You didn't know any spells.
Your spell library contained the following spells:

 Spells                   Type           Power      Damage    Failure   Level
 Gell's Gravitas          Tloc           0%         N/A       88%         3
 Inner Flame              Hex/Fire       0%         N/A       88%         3
 Lesser Beckoning         Tloc           0%         N/A       88%         3
 Teleport Other           Tloc           0%         N/A       88%         3
 Cause Fear               Hex            0%         N/A       99%         4
 Discord                  Hex            0%         N/A       100%        8


Dungeon Overview and Level Annotations

Branches:
Dungeon (6/15)
 Temple: D:4-7

Altars:
Okawaru
Ru


Innate Abilities, Weirdness & Mutations

You thrive by killing the living.
You are immune to poison.
You have sharp fingernails.
Your flesh is cold resistant. (rC+)
You are immune to negative energy. (rN+++)
You do not regenerate when monsters are visible.
You are immune to unholy pain and torment.


Message History

An orc warrior comes into view. It is wielding a +0 halberd.
The orc warrior shouts!
The jelly barely misses you.
The howler monkey hoots and howls with incredible vigour!
A wyvern skeleton comes into view.
The sky beast flickers out of sight!
Deactivating autopickup; reactivate with Ctrl-A.
You hear a shout! x6
There is a stone staircase leading up here.
The jelly completely misses you. The wyvern skeleton misses you.
Something hits you but does no damage.
The wight hits you with a +0 long sword!
* * * LOW HITPOINT WARNING * * *
You climb upwards.
Reactivating autopickup.
There is a stone staircase leading down here.
A sky beast appears from thin air!
The sky beast barely misses you.
The jelly jiggles.
The jelly barely misses you.
Blink to where?
Press: ? - help, Dir - move target
As you read the scroll labelled GAENGU ZIH INO, it crumbles to dust.
It was a scroll of blinking.
A jelly comes into view.
The jelly quivers.
The jelly hits you.
* * * LOW HITPOINT WARNING * * *
The acid corrodes you!
You are splashed with acid.
* * * LOW HITPOINT WARNING * * *
The jelly barely misses you. The jelly hits you but does no damage.
The jelly hits you but does no damage.
Found a scroll labelled GIDOGREOPP.
A hound and a jelly come into view.
The hound barks!
You scratch the hound but do no damage. The hound bites you.
* * * LOW HITPOINT WARNING * * *
The jelly hits you but does no damage. The hound bites you.
You die...

.. ......##....
..##...........#
.................
.................
...............#
.........J.....#..##
...............#...#
.......@.......#...#
......^h.J.....#..#
............####..#
..................#
.................P####
.............J.......###
........................
..............#.........
.............##########


You could see a hound and 3 jellies.

Vanquished Creatures
  An ogre (D:4)
  A centaur (D:6)
  A hound (D:4)
  An orc priest (D:4)
  Terence (D:2)
  3 adders
  A shadow imp (D:6)
  An ufetubus (D:3)
  3 worms
  3 dart slugs
  8 orcs
  8 ball pythons
  10 endoplasms
  4 giant cockroaches
  5 hobgoblins
  2 quokkas
  2 bats
  3 frilled lizards
  3 goblins
  A kobold (D:2)
  A quokka skeleton (D:4)
  6 rats
69 creatures vanquished.

Notes
Turn   | Place    | Note
-------+----------+-------------------------------------------
     0 | D:1      | HallandMoats the Ghoul Monk began the quest for the Orb.
     0 | D:1      | Reached XP level 1. HP: 19/19 MP: 0/0
    56 | D:1      | Reached XP level 2. HP: 26/26 MP: 1/1
   589 | D:2      | Reached skill level 1 in Armour
   589 | D:2      | Reached XP level 3. HP: 28/33 MP: 2/2
  1250 | D:3      | Reached XP level 4. HP: 33/40 MP: 3/3
  1644 | D:3      | Noticed Terence
  1742 | D:2      | Killed Terence
  2088 | D:3      | Reached XP level 5. HP: 37/46 MP: 4/4
  2181 | D:3      | Found a sacrificial altar of Ru.
  2214 | D:3      | Found an iron altar of Okawaru.
  2220 | D:3      | Became a worshipper of Warmaster Okawaru
  2220 | D:3      | Reached * piety under Okawaru
  2220 | D:3      | Reached ** piety under Okawaru
  2803 | D:4      | Noticed an ogre
  2811 | D:4      | Killed an ogre
  2812 | D:4      | Reached skill level 1 in Invocations
  2812 | D:4      | Reached XP level 6. HP: 44/53 MP: 2/6
  3030 | D:4      | You fall into a shaft and drop 2 floors!
  3068 | D:6      | Noticed a sky beast
  3101 | D:6      | Noticed an orc warrior
  3106 | D:5      | Entered Level 5 of the Dungeon
  3106 | D:5      | Noticed a black bear
  3153 | D:5      | Slain by a hound

Illustrated notes

Levels and vault maps discovered:
D:1:      psy_arrival_statuary, layout_rooms,
          nicolae_concentric_dashed_squares_wild
D:2:      layout_loops_ring, minmay_distorted
D:3:      layout_rooms, mainiacjoe_overflow_two_lobes, uniq_terence
D:4:      layout_loops_ring, minitemple
D:5:      corexii_shantytown, layout_basic, minmay_temple_entry_nine_rooms,
          uniq_eustachio, uniq_grinder
D:6:      layout_rooms, uniq_menkaure

Skill      XL: |  1  2  3  4  5 |
---------------+----------------+-----
Armour         | 1 2 |  2.6
Dodging        | 3 |  3.9
Unarmed Combat | 4 |  4.7
Fighting       | 4 |  4.8
Invocations    | 1 |  1.9
Stealth        | |  2.1

Action                   |  1- 3 |  4- 6 || total
-------------------------+-------+-------++-------
Melee: Unarmed           |    94 |   146 ||   240
       Punch             |     2 |     3 ||     5
Invok: Heroism           |       |     1 ||     1
  Use: Potion            |       |     3 ||     3
       Scroll            |       |     2 ||     2
 Stab: Sleeping          |     2 |       ||     2
Armor: Ring mail         |    18 |    15 ||    33
       Robe              |     1 |       ||     1
       Scale mail        |       |    18 ||    18
       Leather armour    |       |    19 ||    19
Dodge: Dodged            |    47 |    79 ||   126
